Workbook

Sheet DASHBOARD
A1: DASHBOARD — METAS E INDICADORES
A3: Competência selecionada | B3: 46235
A5: FATURAMENTO | D5: LUCRO | G5: MARGEM | J5: CONVERSÃO
A6: =SUMIFS(REALIZADO!$B$6:$B$17,REALIZADO!$A$6:$A$17,$B$3) -> 119000 | D6: =SUMIFS(REALIZADO!$C$6:$C$17,REALIZADO!$A$6:$A$17,$B$3) -> 18300 | G6: =SUMIFS(REALIZADO!$D$6:$D$17,REALIZADO!$A$6:$A$17,$B$3) -> 0.15378151 | J6: =SUMIFS(REALIZADO!$M$6:$M$17,REALIZADO!$A$6:$A$17,$B$3) -> 0.20733945
A9: Indicador | B9: Direção | C9: Meta | D9: Realizado | E9: Diferença favorável | F9: Desvio (%) | G9: Status | I9: LEITURA RÁPIDA
A10: Faturamento | B10: ↑ maior é melhor | C10: =SUMIFS(METAS!$B$6:$B$17,METAS!$A$6:$A$17,$B$3) -> 121000 | D10: =SUMIFS(REALIZADO!$B$6:$B$17,REALIZADO!$A$6:$A$17,$B$3) -> 119000 | E10: =D10-C10 -> -2000 | F10: =IF(C10=0,"",E10/C10) -> -0.016528926 | G10: =IF(E10>=0,"META ATINGIDA","ABAIXO DA META") -> ABAIXO DA META | I10: Diferença favorável positiva = desempenho melhor que a meta. Para Despesas e Inadimplência, menor realizado é considerado favorável. Os indicadores são mensais e seguem a competência selecionada acima.
A11: Lucro | B11: ↑ maior é melhor | C11: =SUMIFS(METAS!$C$6:$C$17,METAS!$A$6:$A$17,$B$3) -> 18500 | D11: =SUMIFS(REALIZADO!$C$6:$C$17,REALIZADO!$A$6:$A$17,$B$3) -> 18300 | E11: =D11-C11 -> -200 | F11: =IF(C11=0,"",E11/C11) -> -0.010810811 | G11: =IF(E11>=0,"META ATINGIDA","ABAIXO DA META") -> ABAIXO DA META
A12: Margem | B12: ↑ maior é melhor | C12: =SUMIFS(METAS!$D$6:$D$17,METAS!$A$6:$A$17,$B$3) -> 0.15289256 | D12: =SUMIFS(REALIZADO!$D$6:$D$17,REALIZADO!$A$6:$A$17,$B$3) -> 0.15378151 | E12: =D12-C12 -> 0.00088895062 | F12: =IF(C12=0,"",E12/C12) -> 0.0058142176 | G12: =IF(E12>=0,"META ATINGIDA","ABAIXO DA META") -> META ATINGIDA
A13: Número de vendas | B13: ↑ maior é melhor | C13: =SUMIFS(METAS!$E$6:$E$17,METAS!$A$6:$A$17,$B$3) -> 456 | D13: =SUMIFS(REALIZADO!$E$6:$E$17,REALIZADO!$A$6:$A$17,$B$3) -> 452 | E13: =D13-C13 -> -4 | F13: =IF(C13=0,"",E13/C13) -> -0.0087719298 | G13: =IF(E13>=0,"META ATINGIDA","ABAIXO DA META") -> ABAIXO DA META
A14: Ticket médio | B14: ↑ maior é melhor | C14: =SUMIFS(METAS!$F$6:$F$17,METAS!$A$6:$A$17,$B$3) -> 265.35088 | D14: =SUMIFS(REALIZADO!$F$6:$F$17,REALIZADO!$A$6:$A$17,$B$3) -> 263.27434 | E14: =D14-C14 -> -2.0765409 | F14: =IF(C14=0,"",E14/C14) -> -0.0078256418 | G14: =IF(E14>=0,"META ATINGIDA","ABAIXO DA META") -> ABAIXO DA META
A15: Novos clientes | B15: ↑ maior é melhor | C15: =SUMIFS(METAS!$G$6:$G$17,METAS!$A$6:$A$17,$B$3) -> 84 | D15: =SUMIFS(REALIZADO!$G$6:$G$17,REALIZADO!$A$6:$A$17,$B$3) -> 86 | E15: =D15-C15 -> 2 | F15: =IF(C15=0,"",E15/C15) -> 0.023809524 | G15: =IF(E15>=0,"META ATINGIDA","ABAIXO DA META") -> META ATINGIDA
A16: Inadimplência | B16: ↓ menor é melhor | C16: =SUMIFS(METAS!$H$6:$H$17,METAS!$A$6:$A$17,$B$3) -> 0.045 | D16: =SUMIFS(REALIZADO!$J$6:$J$17,REALIZADO!$A$6:$A$17,$B$3) -> 0.044444444 | E16: =C16-D16 -> 0.00055555556 | F16: =IF(C16=0,"",E16/C16) -> 0.012345679 | G16: =IF(E16>=0,"META ATINGIDA","ABAIXO DA META") -> META ATINGIDA | I16: RESUMO DO ANO — INDICADORES-CHAVE
A17: Despesas | B17: ↓ menor é melhor | C17: =SUMIFS(METAS!$I$6:$I$17,METAS!$A$6:$A$17,$B$3) -> 75500 | D17: =SUMIFS(REALIZADO!$K$6:$K$17,REALIZADO!$A$6:$A$17,$B$3) -> 76800 | E17: =C17-D17 -> -1300 | F17: =IF(C17=0,"",E17/C17) -> -0.017218543 | G17: =IF(E17>=0,"META ATINGIDA","ABAIXO DA META") -> ABAIXO DA META | I17: Indicador | J17: Meta Anual | K17: Realizado Anual | L17: Diferença
A18: Conversão comercial | B18: ↑ maior é melhor | C18: =SUMIFS(METAS!$J$6:$J$17,METAS!$A$6:$A$17,$B$3) -> 0.215 | D18: =SUMIFS(REALIZADO!$M$6:$M$17,REALIZADO!$A$6:$A$17,$B$3) -> 0.20733945 | E18: =D18-C18 -> -0.0076605505 | F18: =IF(C18=0,"",E18/C18) -> -0.035630467 | G18: =IF(E18>=0,"META ATINGIDA","ABAIXO DA META") -> ABAIXO DA META | I18: Faturamento | J18: =SUM(METAS!B6:B17) -> 1400000 | K18: =SUM(REALIZADO!B6:B17) -> 1407500 | L18: =K18-J18 -> 7500
I19: Lucro | J19: =SUM(METAS!C6:C17) -> 213500 | K19: =SUM(REALIZADO!C6:C17) -> 216400 | L19: =K19-J19 -> 2900
I20: Nº vendas | J20: =SUM(METAS!E6:E17) -> 5335 | K20: =SUM(REALIZADO!E6:E17) -> 5388 | L20: =K20-J20 -> 53
I21: Novos clientes | J21: =SUM(METAS!G6:G17) -> 974 | K21: =SUM(REALIZADO!G6:G17) -> 1012 | L21: =K21-J21 -> 38
I22: Despesas | J22: =SUM(METAS!I6:I17) -> 880000 | K22: =SUM(REALIZADO!K6:K17) -> 897500 | L22: =J22-K22 -> -17500

Sheet INICIO
A1: CONTROLE DE METAS E INDICADORES
A4: Painel mensal para acompanhar Meta × Realizado × Diferença, com indicadores financeiros e comerciais.
A6: Ano-base | B6: 2026 | D6: DEFINIÇÕES DO MODELO
A7: Moeda | B7: BRL (R$) | D7: Margem | E7: Lucro ÷ Faturamento
A8: Versão | B8: 1.0 — 11/08/2026 | D8: Ticket médio | E8: Faturamento ÷ Número de vendas
D9: Inadimplência | E9: Valor vencido ÷ Base de contas a receber
A10: COMO USAR | D10: Conversão comercial | E10: Número de vendas ÷ Leads/Oportunidades
A11: 1 | B11: Ajuste o Ano-base acima, se necessário. | D11: Diferença favorável | E11: Maior é melhor: Realizado − Meta | Menor é melhor: Meta − Realizado
A12: 2 | B12: Na aba METAS, substitua os valores azuis pelas metas mensais. | D12: Lucro | E12: Entrada do usuário conforme o critério gerencial/contábil adotado pela empresa; não é reconstruído a partir de despesas.
A13: 3 | B13: Na aba REALIZADO, informe os valores mensais realizados; campos calculados são automáticos.
A14: 4 | B14: No DASHBOARD, escolha a competência e acompanhe Meta × Realizado × Diferença e status.
A15: 5 | B15: Consulte AUDITORIA para checar campos incompletos e incoerências básicas.
A17: LEGENDA VISUAL
A18: Cor | B18: Significado | C18: Cor | D18: Significado
A19: Azul | B19: Entrada manual | C19: Verde | D19: Referência entre abas
A20: Preto | B20: Fórmula/cálculo | C20: Amarelo/vermelho | D20: Atenção ou revisão
A22: PESQUISA E PREMISSAS
A23: Data de corte | B23: 11/08/2026
A24: Sebrae — indicadores e ticket médio | B24: https://bis.sebrae.com.br/bis/download.zhtml?t=D&uid=b710be21fb27dace451a5ce8dddd7c1b
A25: Sebrae — gestão financeira / lucratividade | B25: https://bis.sebrae.com.br/bis/download.zhtml?t=D&uid=E0482454CE9EA9190325714700417309
A26: Salesforce — taxa de conversão de vendas | B26: https://www.salesforce.com/sales/analytics/sales-conversion-rate/
A27: Microsoft — referências estruturadas em tabelas | B27: https://support.microsoft.com/en-us/excel/using-structured-references-with-excel-tables
A28: Premissa de inadimplência | B28: Modelo gerencial: valor vencido / base de contas a receber. Ajuste o conceito se sua empresa adotar outro critério.
A30: Observação: os dados preenchidos nas abas METAS e REALIZADO são EXEMPLOS FICTÍCIOS para demonstrar o funcionamento. Substitua-os pelos dados da sua empresa.

Sheet METAS
A1: METAS MENSAIS
A3: Preencha somente as células azuis. Margem e Ticket Médio são derivados automaticamente para manter consistência entre metas.
A5: Competência | B5: Faturamento Meta (R$) | C5: Lucro Meta (R$) | D5: Margem Meta (%) | E5: Nº Vendas Meta | F5: Ticket Médio Meta (R$) | G5: Novos Clientes Meta | H5: Inadimplência Meta (%) | I5: Despesas Meta (R$) | J5: Conversão Meta (%)
A6: =DATE(INICIO!$B$6,1,1) -> 46023 | B6: 100000 | C6: 15000 | D6: =IF(B6=0,"",C6/B6) -> 0.15 | E6: 400 | F6: =IF(E6=0,"",B6/E6) -> 250 | G6: 70 | H6: 0.05 | I6: 65000 | J6: 0.2
A7: =DATE(INICIO!$B$6,2,1) -> 46054 | B7: 103000 | C7: 15500 | D7: =IF(B7=0,"",C7/B7) -> 0.15048544 | E7: 408 | F7: =IF(E7=0,"",B7/E7) -> 252.45098 | G7: 72 | H7: 0.05 | I7: 66500 | J7: 0.2
A8: =DATE(INICIO!$B$6,3,1) -> 46082 | B8: 106000 | C8: 16000 | D8: =IF(B8=0,"",C8/B8) -> 0.1509434 | E8: 416 | F8: =IF(E8=0,"",B8/E8) -> 254.80769 | G8: 74 | H8: 0.048 | I8: 68000 | J8: 0.205
A9: =DATE(INICIO!$B$6,4,1) -> 46113 | B9: 109000 | C9: 16500 | D9: =IF(B9=0,"",C9/B9) -> 0.15137615 | E9: 424 | F9: =IF(E9=0,"",B9/E9) -> 257.07547 | G9: 76 | H9: 0.048 | I9: 69500 | J9: 0.205
A10: =DATE(INICIO!$B$6,5,1) -> 46143 | B10: 112000 | C10: 17000 | D10: =IF(B10=0,"",C10/B10) -> 0.15178571 | E10: 432 | F10: =IF(E10=0,"",B10/E10) -> 259.25926 | G10: 78 | H10: 0.047 | I10: 71000 | J10: 0.21
A11: =DATE(INICIO!$B$6,6,1) -> 46174 | B11: 115000 | C11: 17500 | D11: =IF(B11=0,"",C11/B11) -> 0.15217391 | E11: 440 | F11: =IF(E11=0,"",B11/E11) -> 261.36364 | G11: 80 | H11: 0.047 | I11: 72500 | J11: 0.21
A12: =DATE(INICIO!$B$6,7,1) -> 46204 | B12: 118000 | C12: 18000 | D12: =IF(B12=0,"",C12/B12) -> 0.15254237 | E12: 448 | F12: =IF(E12=0,"",B12/E12) -> 263.39286 | G12: 82 | H12: 0.045 | I12: 74000 | J12: 0.215
A13: =DATE(INICIO!$B$6,8,1) -> 46235 | B13: 121000 | C13: 18500 | D13: =IF(B13=0,"",C13/B13) -> 0.15289256 | E13: 456 | F13: =IF(E13=0,"",B13/E13) -> 265.35088 | G13: 84 | H13: 0.045 | I13: 75500 | J13: 0.215
A14: =DATE(INICIO!$B$6,9,1) -> 46266 | B14: 124000 | C14: 19000 | D14: =IF(B14=0,"",C14/B14) -> 0.15322581 | E14: 464 | F14: =IF(E14=0,"",B14/E14) -> 267.24138 | G14: 86 | H14: 0.044 | I14: 77000 | J14: 0.22
A15: =DATE(INICIO!$B$6,10,1) -> 46296 | B15: 127000 | C15: 19500 | D15: =IF(B15=0,"",C15/B15) -> 0.15354331 | E15: 472 | F15: =IF(E15=0,"",B15/E15) -> 269.0678 | G15: 88 | H15: 0.044 | I15: 78500 | J15: 0.22
A16: =DATE(INICIO!$B$6,11,1) -> 46327 | B16: 130000 | C16: 20000 | D16: =IF(B16=0,"",C16/B16) -> 0.15384615 | E16: 480 | F16: =IF(E16=0,"",B16/E16) -> 270.83333 | G16: 90 | H16: 0.043 | I16: 80000 | J16: 0.225
A17: =DATE(INICIO!$B$6,12,1) -> 46357 | B17: 135000 | C17: 21000 | D17: =IF(B17=0,"",C17/B17) -> 0.15555556 | E17: 495 | F17: =IF(E17=0,"",B17/E17) -> 272.72727 | G17: 94 | H17: 0.042 | I17: 82500 | J17: 0.23

Sheet REALIZADO
A1: REALIZADO MENSAL
A3: Preencha as células azuis. Margem, Ticket Médio, Inadimplência (%) e Conversão (%) são calculados automaticamente.
A5: Competência | B5: Faturamento Realizado (R$) | C5: Lucro Realizado (R$) | D5: Margem Realizada (%) | E5: Nº Vendas | F5: Ticket Médio (R$) | G5: Novos Clientes | H5: Valor Vencido (R$) | I5: Base Contas a Receber (R$) | J5: Inadimplência (%) | K5: Despesas (R$) | L5: Leads/Oportunidades | M5: Conversão (%) | N5: Observações
A6: =METAS!A6 -> 46023 | B6: 98000 | C6: 14200 | D6: =IF(B6=0,"",C6/B6) -> 0.14489796 | E6: 390 | F6: =IF(E6=0,"",B6/E6) -> 251.28205 | G6: 66 | H6: 6200 | I6: 108000 | J6: =IF(I6=0,"",H6/I6) -> 0.057407407 | K6: 66800 | L6: 1940 | M6: =IF(L6=0,"",E6/L6) -> 0.20103093 | N6: Campanha de aquisição em início
A7: =METAS!A7 -> 46054 | B7: 105500 | C7: 16200 | D7: =IF(B7=0,"",C7/B7) -> 0.1535545 | E7: 421 | F7: =IF(E7=0,"",B7/E7) -> 250.59382 | G7: 76 | H7: 5000 | I7: 111000 | J7: =IF(I7=0,"",H7/I7) -> 0.045045045 | K7: 67200 | L7: 2050 | M7: =IF(L7=0,"",E7/L7) -> 0.20536585 | N7: Melhora no mix de vendas
A8: =METAS!A8 -> 46082 | B8: 101000 | C8: 14800 | D8: =IF(B8=0,"",C8/B8) -> 0.14653465 | E8: 405 | F8: =IF(E8=0,"",B8/E8) -> 249.38272 | G8: 70 | H8: 5800 | I8: 109500 | J8: =IF(I8=0,"",H8/I8) -> 0.052968037 | K8: 70100 | L8: 1990 | M8: =IF(L8=0,"",E8/L8) -> 0.20351759 | N8: Atrasos pontuais em recebimentos
A9: =METAS!A9 -> 46113 | B9: 112500 | C9: 17600 | D9: =IF(B9=0,"",C9/B9) -> 0.15644444 | E9: 438 | F9: =IF(E9=0,"",B9/E9) -> 256.84932 | G9: 82 | H9: 4900 | I9: 116000 | J9: =IF(I9=0,"",H9/I9) -> 0.042241379 | K9: 70800 | L9: 2080 | M9: =IF(L9=0,"",E9/L9) -> 0.21057692 | N9: Conversão acima da meta
A10: =METAS!A10 -> 46143 | B10: 114000 | C10: 18000 | D10: =IF(B10=0,"",C10/B10) -> 0.15789474 | E10: 447 | F10: =IF(E10=0,"",B10/E10) -> 255.03356 | G10: 84 | H10: 4700 | I10: 119000 | J10: =IF(I10=0,"",H10/I10) -> 0.039495798 | K10: 72000 | L10: 2100 | M10: =IF(L10=0,"",E10/L10) -> 0.21285714 | N10: Boa retenção e upsell
A11: =METAS!A11 -> 46174 | B11: 111500 | C11: 16400 | D11: =IF(B11=0,"",C11/B11) -> 0.1470852 | E11: 430 | F11: =IF(E11=0,"",B11/E11) -> 259.30233 | G11: 78 | H11: 5900 | I11: 120000 | J11: =IF(I11=0,"",H11/I11) -> 0.049166667 | K11: 74600 | L11: 2130 | M11: =IF(L11=0,"",E11/L11) -> 0.20187793 | N11: Pressão de despesas
A12: =METAS!A12 -> 46204 | B12: 121500 | C12: 19000 | D12: =IF(B12=0,"",C12/B12) -> 0.1563786 | E12: 462 | F12: =IF(E12=0,"",B12/E12) -> 262.98701 | G12: 90 | H12: 5100 | I12: 125000 | J12: =IF(I12=0,"",H12/I12) -> 0.0408 | K12: 75200 | L12: 2150 | M12: =IF(L12=0,"",E12/L12) -> 0.21488372 | N12: Recorde de novos clientes
A13: =METAS!A13 -> 46235 | B13: 119000 | C13: 18300 | D13: =IF(B13=0,"",C13/B13) -> 0.15378151 | E13: 452 | F13: =IF(E13=0,"",B13/E13) -> 263.27434 | G13: 86 | H13: 5600 | I13: 126000 | J13: =IF(I13=0,"",H13/I13) -> 0.044444444 | K13: 76800 | L13: 2180 | M13: =IF(L13=0,"",E13/L13) -> 0.20733945 | N13: Mês de referência atual
A14: =METAS!A14 -> 46266 | B14: 126000 | C14: 19800 | D14: =IF(B14=0,"",C14/B14) -> 0.15714286 | E14: 476 | F14: =IF(E14=0,"",B14/E14) -> 264.70588 | G14: 92 | H14: 5200 | I14: 130000 | J14: =IF(I14=0,"",H14/I14) -> 0.04 | K14: 77900 | L14: 2200 | M14: =IF(L14=0,"",E14/L14) -> 0.21636364 | N14: Exemplo fictício
A15: =METAS!A15 -> 46296 | B15: 125500 | C15: 19100 | D15: =IF(B15=0,"",C15/B15) -> 0.15219124 | E15: 468 | F15: =IF(E15=0,"",B15/E15) -> 268.16239 | G15: 88 | H15: 6100 | I15: 132000 | J15: =IF(I15=0,"",H15/I15) -> 0.046212121 | K15: 80200 | L15: 2210 | M15: =IF(L15=0,"",E15/L15) -> 0.21176471 | N15: Exemplo fictício
A16: =METAS!A16 -> 46327 | B16: 133000 | C16: 20700 | D16: =IF(B16=0,"",C16/B16) -> 0.1556391 | E16: 489 | F16: =IF(E16=0,"",B16/E16) -> 271.98364 | G16: 96 | H16: 5900 | I16: 136000 | J16: =IF(I16=0,"",H16/I16) -> 0.043382353 | K16: 81300 | L16: 2240 | M16: =IF(L16=0,"",E16/L16) -> 0.21830357 | N16: Exemplo fictício
A17: =METAS!A17 -> 46357 | B17: 140000 | C17: 22300 | D17: =IF(B17=0,"",C17/B17) -> 0.15928571 | E17: 510 | F17: =IF(E17=0,"",B17/E17) -> 274.5098 | G17: 104 | H17: 5800 | I17: 142000 | J17: =IF(I17=0,"",H17/I17) -> 0.04084507 | K17: 84600 | L17: 2260 | M17: =IF(L17=0,"",E17/L17) -> 0.22566372 | N17: Exemplo fictício

Sheet AUDITORIA
A1: AUDITORIA E CHECKS
A3: Controles básicos de completude e coerência. 'REVISAR' indica que algum dado deve ser conferido.
A5: Competência | B5: Metas completas | C5: Realizado completo | D5: Inadimplência coerente | E5: Conversão ≤ 100% | F5: Status geral | G5: Observação
A6: =METAS!A6 -> 46023 | B6: =IF(COUNTIF(METAS!B6:C6,"")+COUNTIF(METAS!E6:E6,"")+COUNTIF(METAS!G6:J6,"")=0,"OK","PREENCHER") -> OK | C6: =IF(COUNTIF(REALIZADO!B6:C6,"")+COUNTIF(REALIZADO!E6:E6,"")+COUNTIF(REALIZADO!G6:I6,"")+COUNTIF(REALIZADO!K6:L6,"")=0,"OK","PREENCHER") -> OK | D6: =IF(REALIZADO!H6>REALIZADO!I6,"REVISAR","OK") -> OK | E6: =IF(REALIZADO!M6>1,"REVISAR","OK") -> OK | F6: =IF(OR(B6<>"OK",C6<>"OK",D6<>"OK",E6<>"OK"),"REVISAR","OK") -> OK | G6: =IF(F6="OK","Sem alerta básico","Conferir entradas da competência") -> Sem alerta básico
A7: =METAS!A7 -> 46054 | B7: =IF(COUNTIF(METAS!B7:C7,"")+COUNTIF(METAS!E7:E7,"")+COUNTIF(METAS!G7:J7,"")=0,"OK","PREENCHER") -> OK | C7: =IF(COUNTIF(REALIZADO!B7:C7,"")+COUNTIF(REALIZADO!E7:E7,"")+COUNTIF(REALIZADO!G7:I7,"")+COUNTIF(REALIZADO!K7:L7,"")=0,"OK","PREENCHER") -> OK | D7: =IF(REALIZADO!H7>REALIZADO!I7,"REVISAR","OK") -> OK | E7: =IF(REALIZADO!M7>1,"REVISAR","OK") -> OK | F7: =IF(OR(B7<>"OK",C7<>"OK",D7<>"OK",E7<>"OK"),"REVISAR","OK") -> OK | G7: =IF(F7="OK","Sem alerta básico","Conferir entradas da competência") -> Sem alerta básico
A8: =METAS!A8 -> 46082 | B8: =IF(COUNTIF(METAS!B8:C8,"")+COUNTIF(METAS!E8:E8,"")+COUNTIF(METAS!G8:J8,"")=0,"OK","PREENCHER") -> OK | C8: =IF(COUNTIF(REALIZADO!B8:C8,"")+COUNTIF(REALIZADO!E8:E8,"")+COUNTIF(REALIZADO!G8:I8,"")+COUNTIF(REALIZADO!K8:L8,"")=0,"OK","PREENCHER") -> OK | D8: =IF(REALIZADO!H8>REALIZADO!I8,"REVISAR","OK") -> OK | E8: =IF(REALIZADO!M8>1,"REVISAR","OK") -> OK | F8: =IF(OR(B8<>"OK",C8<>"OK",D8<>"OK",E8<>"OK"),"REVISAR","OK") -> OK | G8: =IF(F8="OK","Sem alerta básico","Conferir entradas da competência") -> Sem alerta básico
A9: =METAS!A9 -> 46113 | B9: =IF(COUNTIF(METAS!B9:C9,"")+COUNTIF(METAS!E9:E9,"")+COUNTIF(METAS!G9:J9,"")=0,"OK","PREENCHER") -> OK | C9: =IF(COUNTIF(REALIZADO!B9:C9,"")+COUNTIF(REALIZADO!E9:E9,"")+COUNTIF(REALIZADO!G9:I9,"")+COUNTIF(REALIZADO!K9:L9,"")=0,"OK","PREENCHER") -> OK | D9: =IF(REALIZADO!H9>REALIZADO!I9,"REVISAR","OK") -> OK | E9: =IF(REALIZADO!M9>1,"REVISAR","OK") -> OK | F9: =IF(OR(B9<>"OK",C9<>"OK",D9<>"OK",E9<>"OK"),"REVISAR","OK") -> OK | G9: =IF(F9="OK","Sem alerta básico","Conferir entradas da competência") -> Sem alerta básico
A10: =METAS!A10 -> 46143 | B10: =IF(COUNTIF(METAS!B10:C10,"")+COUNTIF(METAS!E10:E10,"")+COUNTIF(METAS!G10:J10,"")=0,"OK","PREENCHER") -> OK | C10: =IF(COUNTIF(REALIZADO!B10:C10,"")+COUNTIF(REALIZADO!E10:E10,"")+COUNTIF(REALIZADO!G10:I10,"")+COUNTIF(REALIZADO!K10:L10,"")=0,"OK","PREENCHER") -> OK | D10: =IF(REALIZADO!H10>REALIZADO!I10,"REVISAR","OK") -> OK | E10: =IF(REALIZADO!M10>1,"REVISAR","OK") -> OK | F10: =IF(OR(B10<>"OK",C10<>"OK",D10<>"OK",E10<>"OK"),"REVISAR","OK") -> OK | G10: =IF(F10="OK","Sem alerta básico","Conferir entradas da competência") -> Sem alerta básico
A11: =METAS!A11 -> 46174 | B11: =IF(COUNTIF(METAS!B11:C11,"")+COUNTIF(METAS!E11:E11,"")+COUNTIF(METAS!G11:J11,"")=0,"OK","PREENCHER") -> OK | C11: =IF(COUNTIF(REALIZADO!B11:C11,"")+COUNTIF(REALIZADO!E11:E11,"")+COUNTIF(REALIZADO!G11:I11,"")+COUNTIF(REALIZADO!K11:L11,"")=0,"OK","PREENCHER") -> OK | D11: =IF(REALIZADO!H11>REALIZADO!I11,"REVISAR","OK") -> OK | E11: =IF(REALIZADO!M11>1,"REVISAR","OK") -> OK | F11: =IF(OR(B11<>"OK",C11<>"OK",D11<>"OK",E11<>"OK"),"REVISAR","OK") -> OK | G11: =IF(F11="OK","Sem alerta básico","Conferir entradas da competência") -> Sem alerta básico
A12: =METAS!A12 -> 46204 | B12: =IF(COUNTIF(METAS!B12:C12,"")+COUNTIF(METAS!E12:E12,"")+COUNTIF(METAS!G12:J12,"")=0,"OK","PREENCHER") -> OK | C12: =IF(COUNTIF(REALIZADO!B12:C12,"")+COUNTIF(REALIZADO!E12:E12,"")+COUNTIF(REALIZADO!G12:I12,"")+COUNTIF(REALIZADO!K12:L12,"")=0,"OK","PREENCHER") -> OK | D12: =IF(REALIZADO!H12>REALIZADO!I12,"REVISAR","OK") -> OK | E12: =IF(REALIZADO!M12>1,"REVISAR","OK") -> OK | F12: =IF(OR(B12<>"OK",C12<>"OK",D12<>"OK",E12<>"OK"),"REVISAR","OK") -> OK | G12: =IF(F12="OK","Sem alerta básico","Conferir entradas da competência") -> Sem alerta básico
A13: =METAS!A13 -> 46235 | B13: =IF(COUNTIF(METAS!B13:C13,"")+COUNTIF(METAS!E13:E13,"")+COUNTIF(METAS!G13:J13,"")=0,"OK","PREENCHER") -> OK | C13: =IF(COUNTIF(REALIZADO!B13:C13,"")+COUNTIF(REALIZADO!E13:E13,"")+COUNTIF(REALIZADO!G13:I13,"")+COUNTIF(REALIZADO!K13:L13,"")=0,"OK","PREENCHER") -> OK | D13: =IF(REALIZADO!H13>REALIZADO!I13,"REVISAR","OK") -> OK | E13: =IF(REALIZADO!M13>1,"REVISAR","OK") -> OK | F13: =IF(OR(B13<>"OK",C13<>"OK",D13<>"OK",E13<>"OK"),"REVISAR","OK") -> OK | G13: =IF(F13="OK","Sem alerta básico","Conferir entradas da competência") -> Sem alerta básico
A14: =METAS!A14 -> 46266 | B14: =IF(COUNTIF(METAS!B14:C14,"")+COUNTIF(METAS!E14:E14,"")+COUNTIF(METAS!G14:J14,"")=0,"OK","PREENCHER") -> OK | C14: =IF(COUNTIF(REALIZADO!B14:C14,"")+COUNTIF(REALIZADO!E14:E14,"")+COUNTIF(REALIZADO!G14:I14,"")+COUNTIF(REALIZADO!K14:L14,"")=0,"OK","PREENCHER") -> OK | D14: =IF(REALIZADO!H14>REALIZADO!I14,"REVISAR","OK") -> OK | E14: =IF(REALIZADO!M14>1,"REVISAR","OK") -> OK | F14: =IF(OR(B14<>"OK",C14<>"OK",D14<>"OK",E14<>"OK"),"REVISAR","OK") -> OK | G14: =IF(F14="OK","Sem alerta básico","Conferir entradas da competência") -> Sem alerta básico
A15: =METAS!A15 -> 46296 | B15: =IF(COUNTIF(METAS!B15:C15,"")+COUNTIF(METAS!E15:E15,"")+COUNTIF(METAS!G15:J15,"")=0,"OK","PREENCHER") -> OK | C15: =IF(COUNTIF(REALIZADO!B15:C15,"")+COUNTIF(REALIZADO!E15:E15,"")+COUNTIF(REALIZADO!G15:I15,"")+COUNTIF(REALIZADO!K15:L15,"")=0,"OK","PREENCHER") -> OK | D15: =IF(REALIZADO!H15>REALIZADO!I15,"REVISAR","OK") -> OK | E15: =IF(REALIZADO!M15>1,"REVISAR","OK") -> OK | F15: =IF(OR(B15<>"OK",C15<>"OK",D15<>"OK",E15<>"OK"),"REVISAR","OK") -> OK | G15: =IF(F15="OK","Sem alerta básico","Conferir entradas da competência") -> Sem alerta básico
A16: =METAS!A16 -> 46327 | B16: =IF(COUNTIF(METAS!B16:C16,"")+COUNTIF(METAS!E16:E16,"")+COUNTIF(METAS!G16:J16,"")=0,"OK","PREENCHER") -> OK | C16: =IF(COUNTIF(REALIZADO!B16:C16,"")+COUNTIF(REALIZADO!E16:E16,"")+COUNTIF(REALIZADO!G16:I16,"")+COUNTIF(REALIZADO!K16:L16,"")=0,"OK","PREENCHER") -> OK | D16: =IF(REALIZADO!H16>REALIZADO!I16,"REVISAR","OK") -> OK | E16: =IF(REALIZADO!M16>1,"REVISAR","OK") -> OK | F16: =IF(OR(B16<>"OK",C16<>"OK",D16<>"OK",E16<>"OK"),"REVISAR","OK") -> OK | G16: =IF(F16="OK","Sem alerta básico","Conferir entradas da competência") -> Sem alerta básico
A17: =METAS!A17 -> 46357 | B17: =IF(COUNTIF(METAS!B17:C17,"")+COUNTIF(METAS!E17:E17,"")+COUNTIF(METAS!G17:J17,"")=0,"OK","PREENCHER") -> OK | C17: =IF(COUNTIF(REALIZADO!B17:C17,"")+COUNTIF(REALIZADO!E17:E17,"")+COUNTIF(REALIZADO!G17:I17,"")+COUNTIF(REALIZADO!K17:L17,"")=0,"OK","PREENCHER") -> OK | D17: =IF(REALIZADO!H17>REALIZADO!I17,"REVISAR","OK") -> OK | E17: =IF(REALIZADO!M17>1,"REVISAR","OK") -> OK | F17: =IF(OR(B17<>"OK",C17<>"OK",D17<>"OK",E17<>"OK"),"REVISAR","OK") -> OK | G17: =IF(F17="OK","Sem alerta básico","Conferir entradas da competência") -> Sem alerta básico
A20: Resumo | B20: Resultado
A21: Competências a revisar | B21: =COUNTIF(F6:F17,"REVISAR") -> 0
A22: Fórmulas críticas | B22: Verificadas na geração
A23: Dados reais no modelo | B23: Não — exemplos fictícios
A24: Macros / links externos | B24: Não utilizados
